Description

Strong vs Terran

Replay - Echo LE (Void) (40)

Build Order

Get SALT Encoding   

  13  0:18  Pylon  
  16  0:59  Nexus  
  16  1:16  Gateway  
  18  1:28  Assimilator  
  18  1:32  Assimilator  
  20  2:15  Forge  
  22  2:28  Pylon  
  24  2:34  Pylon  
  26  2:38  Zealot  
  29  2:50  Cybernetics Core  
  30  2:56  Photon Cannon  
  32  3:12  Photon Cannon  
  33  3:27  Photon Cannon  
  36  3:34  Pylon  
  36  3:37  Warp Gate  
  36  3:45  Photon Cannon  
  36  3:48  Assimilator  
  36  3:52  Assimilator  
  36  4:00  Robotics Facility  
  36  4:06  Twilight Council  
  36  4:11  Pylon  
  36  4:35  Gateway x2  
  36  4:37  Gateway  
  36  4:39  Blink  
  36  4:50  Pylon, Warp Prism  
  36  4:51  Photon Cannon  
  38  5:18  Pylon  
  40  5:34  Pylon  
  42  5:59  Gateway  
  42  6:00  Gateway  
  42  6:03  Gateway x2  
  44  6:05  Pylon  
  44  6:15  Stalker, Probe (Chrono Boost)  
  48  6:23  Immortal  
  48  6:31  Stalker  
  54  6:42  Stalker x2  
  58  7:00  Observer  
  58  7:01  Stalker x2  
  63  7:12  Pylon  
  62  7:24  Stalker  
  62  7:25  Stalker x6  
  76  7:49  Stalker x3  
  76  7:50  Stalker x2  
  86  7:57  Pylon  
  86  8:08  Stalker x3  
  92  8:15  Pylon  
  78  8:41  Stalker x2  
  78  8:42  Stalker x5  
  84  9:18  Stalker x2  
  84  9:19  Stalker x5  
  94  9:45  Stalker x5  
Spawning Tool Build Advisor. Get it on Overwolf

Go to:

Details

  • Created by: sackzii
  • Published on: Jan 09, 2017
  • Modified on: Jan 09, 2017
  • Patch: 3.8.0
Show
View Real Time Build Order
Export as new Build Order

Comments (1)

On Jan. 18, 2017, 3:15 a.m., Fred_Fredston  said:

Terrible build, don't use.

Getting so many cannons this early puts you way behind and your cybercore is too late

Create an account to comment!